 Dungeon Sprint DCSS version 0.17-a0-1447-g3d113ad (webtiles) character file.

83 pulse the Shield-Bearer (level 4, -11/40 HPs)
             Began as a Formicid Fighter on June 30, 2015.
             Killed from afar by an oklob sapling priest (12 damage)
             ... with a splash of acid
             ... in the Dungeon (Sprint IV: "Fedhas' Mad Dash").
             The game lasted 00:01:19 (294 turns).

pulse the Shield-Bearer (Formicid Fighter)           Turns: 294, Time: 00:01:20

Health: -11/40     AC:  8    Str: 21    XL:     4   Next: 71%
Magic:  2/4        EV:  9    Int:  8    God:
Gold:   55         SH: 10    Dex: 10    Spells: 0 memorised, 3 levels left

rFire  . . .     SeeInvis +     a - +0 war axe
rCold  . . .     Clarity  .     b - +0 scale mail
rNeg   . . .     SustAt   .     c - +0 shield
rPois  .         Gourm    .     (helmet unavailable)
rElec  .         Spirit   .     (no cloak)
rCorr  .         Warding  .     f - +0 pair of gloves
rMut   .         Stasis   +     (no boots)
MR     .....                    (no amulet)
Stlth  ..........               (no ring)
                                d - ring of invisibility

@: very slightly contaminated, invisible, not resistant to hostile enchantments,
extremely unstealthy
A: permanent stasis, dig shafts and tunnels, four strong arms, antennae 3
a: Dig, Turn Visible


You were in the Dungeon.
You were not hungry.

You visited 1 branch You collected 55 gold pieces.

Inventory:

Hand weapons
 a - a +0 war axe (weapon)
Armour
 b - a +0 scale mail (worn)
 c - a +0 shield (worn)
 f - a +0 pair of gloves (worn)
Jewellery
 d - a ring of invisibility (left hand)
Scrolls
 k - a scroll of blinking
Potions
 g - a potion of heal wounds
 h - a potion of haste
 i - 2 potions of magic
 j - a potion of berserk rage
Comestibles
 e - a bread ration


   Skills:
 + Level 6.0 Fighting
 + Level 3.5 Axes
 + Level 5.8 Armour
 + Level 0.5 Dodging
 + Level 0.6 Stealth
 + Level 6.1 Shields


You had 3 spell levels left.
You didn't know any spells.

Dungeon Overview and Level Annotations

Branches:
Dungeon (1/1)

Altars:
Cheibriados
Dithmenos
Elyvilon
Gozag
Kikubaaqudgha
Makhleb
Nemelex Xobeh
Okawaru
Ru
Sif Muna
Trog
Vehumet
Xom
Yredelemnul
Zin
The Shining One
Beogh
Jiyva
Lugonu

Annotations:
D exclusion: oklob sapling


Innate Abilities, Weirdness & Mutations

You are under a permanent stasis effect.
You can dig through walls and to a lower floor.
Your four strong arms can wield two-handed weapons with a shield.
You have a pair of large antennae on your head (SInv).


Message History

Use which ability? (? or * to list)
You fade into invisibility!
You feel quite a bit more hungry.
Really walk into a travel-excluded area?
Found a burning altar of Makhleb and a sacrificial altar of Ru.
There is an open door here.
Found two altars.
Found a shadowy altar of Dithmenos.
There is a fountain of clear blue water here.
Found an iron altar of Okawaru and a shimmering altar of Xom.
Found an opulent altar of Gozag.
The oklob sapling priest calls down the wrath of its god upon you.
Something smites you!
* * * LOW HITPOINT WARNING * * *
Found a basalt altar of Yredelemnul and a roughly hewn altar of Beogh.
You hit the oklob sapling priest.
The oklob sapling priest is moderately damaged.
The oklob sapling priest spits acid at you.
The splash of acid hits you!
You die...

########################
.....#.....#.⌠.........⌠
.....'.#†[.'._._@_._._._
.....#.#...#_._._P_._._.
#########'##._._._._._._
+...#.⌠...._....⌠
#...############# #####
{ { { {


You could see an oklob sapling priest.

Vanquished Creatures
  2 oklob saplings (D)
  A worker ant (D)
  A river rat (D)
  A rat (D)
5 creatures vanquished.

Notes
Turn   | Place    | Note
--------------------------------------------------------------
     0 | D        | pulse the Formicid Fighter began the quest for the Orb.
     0 | D        | Reached XP level 1. HP: 18/18 MP: 1/1
    15 | D        | Reached skill level 4 in Fighting
    15 | D        | Reached XP level 2. HP: 7/25 MP: 2/2
   238 | D        | Noticed an oklob sapling
   239 | D        | Killed an oklob sapling
   239 | D        | Reached skill level 5 in Fighting
   239 | D        | Reached skill level 5 in Shields
   239 | D        | Reached XP level 3. HP: 12/33 MP: 3/3
   241 | D        | Noticed a worker ant
   245 | D        | Killed a worker ant
   245 | D        | Reached skill level 5 in Armour
   245 | D        | Reached XP level 4. HP: 10/39 MP: 4/4
   268 | D        | Noticed an oklob sapling
   271 | D        | Killed an oklob sapling
   271 | D        | Reached skill level 6 in Fighting
   283 | D        | Found a snail-covered altar of Cheibriados.
   283 | D        | Found a glowing silver altar of Zin.
   283 | D        | Found a white marble altar of Elyvilon.
   283 | D        | Found a viscous altar of Jiyva.
   283 | D        | Found a radiant altar of Vehumet.
   283 | D        | Found a deep blue altar of Sif Muna.
   283 | D        | Found an ancient bone altar of Kikubaaqudgha.
   283 | D        | Found a bloodstained altar of Trog.
   283 | D        | Found a corrupted altar of Lugonu.
   283 | D        | Noticed an oklob sapling priest
   288 | D        | Found a burning altar of Makhleb.
   288 | D        | Found a sacrificial altar of Ru.
   289 | D        | Found a glowing golden altar of the Shining One.
   289 | D        | Found a sparkling altar of Nemelex Xobeh.
   290 | D        | Found a shadowy altar of Dithmenos.
   291 | D        | Found an iron altar of Okawaru.
   291 | D        | Found a shimmering altar of Xom.
   292 | D        | Found an opulent altar of Gozag.
   293 | D        | Found a basalt altar of Yredelemnul.
   293 | D        | Found a roughly hewn altar of Beogh.
   293 | D        | HP: 1/40 [oklob sapling priest/divine providence (16)]
   294 | D        | Killed from afar by an oklob sapling priest

Vault maps used:
D:        dungeon_sprint_fedhas

Action                   |  1- 3 |  4- 6 || total
-------------------------+-------+-------++-------
Melee: War axe           |    14 |     2 ||    16
 Abil: Evoke Invisibilit |       |     2 ||     2
  Use: Potion            |     2 |       ||     2
 Stab: Invisible         |       |     1 ||     1
